 Dungeon Crawl Stone Soup version 0.30-a0-782-ge64f9170bb (webtiles) character file.

Game seed: 1924546611329181389

0 mopl the Trooper (level 1, -2/19 HPs)
             Began as a Ghoul Monk on Mar 12, 2023.
             Slain by a gnoll
             ... wielding a +0 spear
              (3 damage)
             ... on level 1 of the Dungeon.
             The game lasted 00:00:36 (111 turns).

mopl the Trooper (Ghoul Monk)                        Turns: 111, Time: 00:00:36

Health: -2/19      AC: 10    Str: 14    XL:     1   Next: 10%
Magic:  0/0        EV:  4    Int:  5    God:
Gold:   12         SH:  0    Dex: 11    Spells: 0/0 levels left

rFire   . . .      SeeInvis .    a - +0 mace
rCold   + . .      Faith    .    (no shield)
rNeg    + + +      Spirit   .    f - +0 plate armour
rPois   ∞          Reflect  .    (no helmet)
rElec   .          Harm     .    (no cloak)
rCorr   .          Rampage  .    (no gloves)
Will    .....                    (no boots) Stlth
                                 (no amulet)
HPRegen 0.00/turn                (no ring)
MPRegen 0.07/turn                (no ring)

@: inhibited regen
A: claws 1, cold resistance 1, negative energy resistance 3, inhibited
regeneration, torment resistance 2, devour on kill
a: no special abilities


You were on level 1 of the Dungeon.
You visited 1 branch of the dungeon, and saw 1 of its levels.

You collected 12 gold pieces.

Inventory:

Hand Weapons
 a - a +0 mace (weapon)
Armour
 f - a +0 plate armour (worn)
Potions
 b - a potion of brilliance {unknown}
 c - a potion of ambrosia
 d - a potion of lignification {unknown}


   Skills:
 + Level 3.3 Fighting
 + Level 2.7 Maces & Flails
 + Level 2.7 Dodging
 + Level 2.2 Stealth


You couldn't memorise any spells.
You didn't know any spells.
Your spell library was empty.

Dungeon Overview and Level Annotations

Branches:
Dungeon (1/15)

Altars:


Innate Abilities, Weirdness & Mutations

You are immune to poison.
You have sharp fingernails.
Your flesh is cold resistant. (rC+)
You are immune to negative energy. (rN+++)
You do not regenerate when monsters are visible.
You are immune to unholy pain and torment.
You thrive by killing the living.


Message History

The endoplasm freezes you.
You are frozen.
You resist.
You closely miss the quokka. The bat hits you but does no damage. x2
The endoplasm hits you but does no damage.
The gnoll hits you but does no damage.
The quokka bites you but does no damage.
The bat hits you but does no damage.
You barely miss the quokka. The bat hits you but does no damage.
The bat closely misses you.
The quokka bites you but does no damage.
The endoplasm freezes you.
You are frozen.
You resist.
The gnoll hits you from afar with a +0 spear!
The quokka barely misses you. The bat hits you but does no damage.
A frilled lizard comes into view.
The gnoll hits you but does no damage. The endoplasm freezes you.
You are frozen.
You resist.
You are too injured to fight recklessly!
You are too injured to fight recklessly!
You are too injured to fight recklessly!
You are too injured to fight recklessly!
You are too injured to fight recklessly!
You are too injured to fight recklessly!
You are too injured to fight recklessly!
There are monsters nearby!
You barely miss the quokka. The bat hits you but does no damage.
The bat barely misses you.
The quokka bites you but does no damage.
The gnoll hits you from afar with a +0 spear.
* * * LOW HITPOINT WARNING * * *
The endoplasm jiggles.
The endoplasm hits you but does no damage.
You hit the quokka.
The quokka is heavily wounded.
The bat hits you but does no damage.
The quokka bites you but does no damage.
The endoplasm hits you but does no damage.
The gnoll hits you from afar with a +0 spear.
You die...

#.# .. #.# ...
>.# ... ... ..#
.. ###.# #.# #.
#.....#.# #.
#..>..#J### #.
..l..gr@..# #####
#. #.....#.#.##
#...# #. #....
#b#..# #.#.###.
###. #..#.##
#.#.[...
........#..#
#.######
...#..##.##.# #.#
# #.. #.##.# #.#
#. #.##.#####.#
#.
#.#......#.######


You could see a gnoll, an endoplasm, a quokka, a bat and a frilled lizard.

Vanquished Creatures
  A ball python (D:1)
1 creature vanquished.

Notes
Turn   | Place    | Note
-------+----------+-------------------------------------------
     0 | D:1      | mopl the Ghoul Monk began the quest for the Orb.
     0 | D:1      | Reached XP level 1. HP: 19/19 MP: 0/0
   111 | D:1      | Slain by a gnoll

Illustrated notes

Levels and vault maps discovered:
D:1:      minmay_arrival_checkered_box, layout_basic, st_stairs_3

Action                     || total
---------------------------++-------
  Melee: Mace              ||     6
 Armour: Plate armour      ||    17
         Chain mail        ||     2
  Dodge: Dodged            ||     3

Table legend: (Time is in decaauts)
 A = Elapsed time spent in this place.
 B = Non-inter-level travel time spent in this place.
 C = Inter-level travel time spent in this place.
 D = Time resting spent in this place.
 E = Time spent auto-exploring this place.
 F = Levels seen in this place.
 G = Mean time per level.
                   A        B        C        D        E       F      G
               +--------+--------+--------+--------+--------+-----+--------+
         Total |    112 |    112 |      0 |      0 |     63 |   1 |  112.0 |
       Dungeon |    112 |    112 |      0 |      0 |     63 |   1 |  112.0 |
               +--------+--------+--------+--------+--------+-----+--------+

Top non-repeatable levels by time:
     D:1: 112 daAuts
